 Dungeon Crawl Stone Soup version 0.25-a0-617-g20d90ebb82 (webtiles) character file.

Game seed: 18153476610354852910, levelgen mode: deterministic

63 Kohma the Stinger (level 3, 0/26 HPs)
             Began as a Draconian Venom Mage on Mar 18, 2020.
             Slain by Terence
             ... wielding a +0 falchion of holy wrath
              (7 damage)
             ... on level 3 of the Dungeon.
             The game lasted 00:06:25 (2238 turns).

Kohma the Stinger (Draconian Venom Mage)            Turns: 2238, Time: 00:06:26

Health: 0/26       AC:  5    Str: 10    XL:     3   Next: 89%
Magic:  0/6        EV: 12    Int: 16    God:
Gold:   129        SH:  0    Dex: 11    Spells: 3/6 levels left

rFire    . . .     SeeInvis .   g - +0 spear (curse)
rCold    . . .     Gourm    .   (no shield)
rNeg     . . .     Faith    .   (armour unavailable)
rPois    .         Spirit   .   (helmet restricted)
rElec    .         Reflect  .   (no cloak)
rCorr    .         Harm     .   (no gloves)
MR       .....                  (no boots)
Stlth    ++........             (no amulet)
HPRegen  0.08/turn              (no ring)
MPRegen  0.10/turn              (no ring)

@: lethally poisoned (0 -> -1), very slightly contaminated
A: unfitting armour, cold-blooded, AC +5
a: no special abilities


You were on level 3 of the Dungeon.
You were not hungry.

You visited 1 branch of the dungeon, and saw 3 of its levels.

You collected 129 gold pieces.

Inventory:

Hand Weapons
 f - a +0 club
 g - a cursed +0 spear (weapon)
 m - a +0 dagger
 q - a +0 rapier
Missiles
 a - 13 poisoned darts
 c - 75 stones (quivered)
Armour
 j - a +0 kite shield
Jewellery
 k - an uncursed amulet of regeneration {unknown}
Scrolls
 d - a scroll of amnesia {unknown}
 e - a scroll of immolation {unknown}
 h - 8 scrolls of identify {unknown}
 l - 2 scrolls of teleportation {unknown}
Potions
 i - 3 potions of curing {unknown}
 n - a potion of heal wounds {unknown}
 p - a potion of might {unknown}
 r - a potion of lignification {unknown}
Comestibles
 b - 2 rations
 o - 4 chunks of flesh


   Skills:
 - Level 1.7 Dodging
 - Level 1.7 Stealth
 - Level 2.0 Spellcasting
 - Level 1.0 Transmutations
 * Level 4.8 Poison Magic


You had 3 spell levels left.
You knew the following spells:

 Your Spells              Type           Power        Failure   Level  Hunger
a - Sting                 Tmut/Pois      ##..         6%          1    #......
b - Poisonous Vapours     Pois/Air       #.....       12%         2    ###....

Your spell library contained the following spells:

 Spells                   Type           Power        Failure   Level  Hunger
 Ignite Poison            Fire/Tmut/Pois #.......     28%         3    ###....
 Mephitic Cloud           Conj/Pois/Air  #.......     32%         3    ###....
 Olgreb's Toxic Radiance  Pois           ###.....     28%         4    #####..


Dungeon Overview and Level Annotations

Branches:
Dungeon (3/15)

Altars:

Annotations:
D:3 Terence


Innate Abilities, Weirdness & Mutations

Your plain brown scales are hard. (AC +5)
You cannot fit into any form of body armour.
You are cold-blooded and may be slowed by cold attacks.


Message History

Casting: Sting (safe; 6% risk of failure)
Confirm with . or Enter, or press ? or * to list all spells.
Aiming: Poisonous Vapours (safe; 12% risk of failure)
Press: ? - help, Dir - move target cursor, f - Terence
Aim: Terence, wielding a +0 falchion of holy wrath and wearing a +2 scale mail of cold resistance (lightly wounded) Poisonous vapours surround Terence!
Terence is engulfed in poison gas.
Terence is poisoned.
Terence hits you with a +0 falchion of holy wrath!
* * * LOW HITPOINT WARNING * * *
Casting: Poisonous Vapours (safe; 12% risk of failure)
Confirm with . or Enter, or press ? or * to list all spells.
You don't have enough magic to cast that spell.
Unknown command.
Casting: Poisonous Vapours (safe; 12% risk of failure)
Confirm with . or Enter, or press ? or * to list all spells.
You don't have enough magic to cast that spell.
You hit Terence.
Your tail-slap misses Terence.
Terence is heavily wounded.
Terence hits you with a +0 falchion of holy wrath!
You die...

####### #############
......###...........#
#..........@......#
#..........@......#
#...÷.....÷.......+
###'###+#.........#
#.÷...<###.g....#
##.......'.)....#
+.....###......#
#.....##.......#####.#
+.....+.........>....#


You could see Terence and a hobgoblin.

Vanquished Creatures
  An adder (D:3)
  2 worms (D:2)
  2 dart slugs
  2 leopard geckos (D:1)
  5 bats
  2 giant cockroaches
  3 goblins
  8 hobgoblins
  A quokka (D:3)
  A ball python (D:1)
  4 frilled lizards
  7 kobolds
  4 rats
42 creatures vanquished.

Notes
Turn   | Place    | Note
-------+----------+-------------------------------------------
     0 | D:1      | Kohma the Draconian Venom Mage began the quest for the Orb.
     0 | D:1      | Reached XP level 1. HP: 14/14 MP: 3/3
   238 | D:1      | Reached XP level 2. HP: 20/20 MP: 3/5
   242 | D:1      | Learned a level 2 spell: Poisonous Vapours
   819 | D:1      | Reached skill level 4 in Poison Magic
  1120 | D:2      | Reached XP level 3. HP: 8/26 MP: 0/6
  2222 | D:3      | Noticed Terence
  2238 | D:3      | Slain by Terence

Levels and vault maps discovered:
D:1:      dpeg_arrival_arbitrary_c, layout_basic, hex_medium
D:2:      layout_loops_ring, first_ration
D:3:      layout_basic, kennysheep_generic_room_13, uniq_terence, uniq_robin

Skill      XL: |  1  2 |
---------------+-------+-----
Poison Magic   | 4 |  4.8
Dodging        | |  1.7
Stealth        | |  1.7
Spellcasting   | |  2.0
Transmutations | |  1.0

Action                   || total
-------------------------++-------
Melee: Unarmed           ||     5
       Spear             ||    49
       Tailslap          ||     5
Throw: Stone             ||     7
 Cast: Sting             ||    22
       Poisonous Vapours ||    29
 Stab: Sleeping          ||     2
  Eat: Chunk             ||     7
Armor: Skin              ||    13
Dodge: Dodged            ||    33

Table legend:
 A = Non-vault XP
 B = Vault XP
 C = Vault XP percentage of total XP
 D = Non-vault monster count
 E = Vault monster count
 F = Vault count percentage of total count
                 A         B        C        D         E       F
            +---------+---------+-------+---------+---------+-------
      Total |      89 |       2 |   2.2 |      41 |       1 |   2.4
            +---------+---------+-------+---------+---------+-------
        D:1 |      30 |       0 |   0.0 |      17 |       0 |   0.0
        D:2 |      32 |       0 |   0.0 |      16 |       0 |   0.0
        D:3 |      27 |       2 |   6.9 |       8 |       1 |  11.1
            +---------+---------+-------+---------+---------+-------
